 Dungeon Crawl Stone Soup version 0.31-a0-431-g88bdf31460 (webtiles) character file.

Game seed: 17089098039792074742

1906 sampeng1 the Chopper (level 9, -5/71 HPs)
             Began as a Human Berserker on July 31, 2023.
             Was an Elder of Trog.
             Killed by nerve-wracking pain
             ... invoked by an orc priest
              (8 damage)
             ... on level 6 of the Dungeon.
             The game lasted 00:16:40 (5524 turns).

sampeng1 the Chopper (Human Berserker)              Turns: 5524, Time: 00:16:40

Health: -5/71      AC: 18    Str: 21    XL:     9   Next: 38%
Magic:  9/9        EV:  7    Int:  7    God:    Trog [****..]
Gold:   98         SH: 12    Dex: 14    Spells: 8/8 levels left

rFire   + . .        a - +1 hand axe
rCold   + . .        z - +0 kite shield "Coaqysop" {Harm rElec}
rNeg    . . .        o - +0 plate armour
rPois   +            (no helmet)
rElec   +            (no cloak)
rCorr   +            l - +1 pair of gloves
SInv    .            h - +2 pair of boots {Stlth+}
Will    .....        e - amulet of reflection Stlth
                     c - ring of poison resistance
HPRegen 0.31/turn    (no ring)
MPRegen 0.11/turn

%: harm (+30% outgoing, +20% incoming), reflection
@: resistant, on berserk cooldown, slowed, very slow
A: no striking features
a: Renounce Religion, Berserk, Trog's Hand, Brothers in Arms


You were on level 6 of the Dungeon.
You worshipped Trog.
Trog was greatly pleased with you.
You visited 1 branch of the dungeon, and saw 6 of its levels.

You collected 578 gold pieces.
You spent 480 gold pieces at shops.

Inventory:

Hand Weapons
 a - a +1 hand axe (weapon)
Missiles
 d - 29 poisoned darts
 p - a boomerang
 u - a curare-tipped dart
Armour
 h - a +2 pair of boots of stealth (worn)
 l - a +1 pair of gloves (worn)
 o - a +0 plate armour (worn)
 v - an orb of wrath
 z - the +0 kite shield "Coaqysop" (worn) {Harm rElec}
   (You bought it in a shop on level 4 of the Dungeon)

   rElec:     It insulates you from electricity.
   Harm:      It increases damage dealt and taken.
Jewellery
 c - a ring of poison resistance (left hand)
 e - an amulet of reflection (around neck)
 m - an amulet of guardian spirit
Wands
 n - a wand of paralysis (5)
 q - a wand of digging (3)
Scrolls
 j - 2 scrolls of teleportation
 s - a scroll of identify
 t - a scroll of enchant weapon
Potions
 b - a potion of berserk rage
 f - a potion of cancellation
 g - 2 potions of mutation
 i - 2 potions of invisibility


   Skills:
 + Level 6.5 Fighting
 + Level 6.5 Axes
 + Level 6.1 Armour
 + Level 6.1 Dodging


You had 8 spell levels left.
You didn't know any spells.
Your spell library was empty.

Dungeon Overview and Level Annotations

Branches:
Dungeon (6/15)             Temple (0/1) D:5

Altars:
Okawaru
Ru
Sif Muna

Shops:
D:4 ([[   D:5 *


Message History

The orc priest hits you but does no damage.
You block the orc priest's attack.
You closely miss the orc priest.
The orc priest is severely wounded.
The orc priest hits you but does no damage.
The orc priest miscasts a cantrip.
You barely miss the orc priest. You hit the orc priest.
The orc priest barely misses you.
The orc priest hits you but does no damage. x2
You block the orc priest's attack.
You closely miss the orc priest. You hit the orc priest.
The orc priest looks encouraged for a moment.
The orc priest calls down the wrath of Beogh upon you.
Beogh smites you!
* * * LOW HITPOINT WARNING * * *
You feel protected.
The orc priest calls down the wrath of Beogh upon you.
Beogh smites you!
* * * LOW HITPOINT WARNING * * *
The orc priest hits you but does no damage.
You block the orc priest's attack.
The orc priest mumbles some strange prayers to Beogh against you.
You struggle to resist.
You closely miss the orc priest. You barely miss the orc priest.
The orc priest hits you with a +0 hand axe.
* * * LOW HITPOINT WARNING * * *
The orc priest begins to cast a cantrip, but forgets the words!
You hit the orc priest.
The orc priest is lightly wounded.
You hit the orc priest but do no damage.
The orc priest barely misses you.
The orc priest miscasts a cantrip. x2
The orc priest hits you with a +0 hand axe.
* * * LOW HITPOINT WARNING * * *
You hit the orc priest.
The orc priest is moderately wounded.
You closely miss the orc priest.
The orc priest calls down the wrath of Beogh upon you.
Pain shoots through your body!
You die...

# ## #### ..
.. ..># #..
.#.#.# ....
#..#.### .....
#.#.....
.....J##†...#
' #ho@#...#
#.#o....# #
####..#
#.#.....#
.#####...#...#
'.....'##...##
..... #.#.#
#..###...#
#.#...#..#


You could see a hound, a jelly and 2 orc priests.

Vanquished Creatures
  Sigmund (D:2)
  A water moccasin (D:6)
  A sky beast (D:6)
  3 black bears
  A centaur (D:6)
  3 ogres
  A kobold brigand (D:5)
  5 wights (D:6)
  4 hounds
  An orc priest (D:5)
  3 jellies
  A sleepcap (D:6)
  Jessica (D:2)
  Ijyb (D:3)
  Terence (D:2)
  4 orc wizards
  7 adders
  A white imp (D:6)
  A worm (D:2)
  4 dart slugs
  14 orcs
  7 bats
  8 endoplasms
  4 giant cockroaches
  6 hobgoblins
  7 jackals
  8 quokkas
  6 ball pythons
  A frilled lizard (D:3)
  9 goblins
  15 kobolds
  6 rats
136 creatures vanquished.

Notes
Turn   | Place    | Note
-------+----------+-------------------------------------------
     0 | D:1      | sampeng1 the Human Berserker began the quest for the Orb.
     0 | D:1      | Reached XP level 1. HP: 18/18 MP: 1/1
   186 | D:1      | Reached XP level 2. HP: 18/24 MP: 2/2
   378 | D:1      | Reached XP level 3. HP: 29/29 MP: 3/3
   642 | D:1      | Reached ** piety under Trog
   769 | D:1      | Identified a scroll of acquirement
   769 | D:1      | Acquired 215 gold pieces
  1066 | D:2      | Reached XP level 4. HP: 26/35 MP: 4/4
  1166 | D:2      | Noticed Jessica
  1170 | D:2      | Noticed Terence
  1180 | D:2      | Killed Jessica
  1187 | D:2      | Killed Terence
  1188 | D:2      | Reached XP level 5. HP: 42/42 MP: 5/5
  1488 | D:2      | Noticed Sigmund
  1501 | D:2      | Killed Sigmund
  1502 | D:2      | Reached XP level 6. HP: 30/48 MP: 6/6
  1768 | D:3      | Noticed Ijyb
  1777 | D:3      | Paralysed by Ijyb for 5 turns
  1796 | D:3      | Paralysed by Ijyb for 4 turns
  1800 | D:3      | Killed Ijyb
  1892 | D:3      | Reached XP level 7. HP: 55/55 MP: 7/7
  2132 | D:3      | Reached *** piety under Trog
  2183 | D:3      | Found a shimmering blue altar of Sif Muna.
  2664 | D:4      | Found Deiriopn's Antique Armour Shoppe.
  2674 | D:4      | Bought a pair of embroidered boots for 195 gold pieces
  2691 | D:4      | Found Empepp's Antique Armour Shoppe.
  3052 | D:4      | Reached skill level 5 in Axes
  3055 | D:4      | Reached skill level 5 in Fighting
  3055 | D:4      | Found Luxzawil's Weapon Emporium.
  3186 | D:4      | Reached XP level 8. HP: 62/62 MP: 8/8
  3636 | D:4      | Found an iron altar of Okawaru.
  3637 | D:4      | Found a sacrificial altar of Ru.
  3745 | D:4      | Bought a twisted kite shield for 285 gold pieces
  3745 | D:4      | Identified the +0 kite shield "Coaqysop" {Harm rElec} (You
                  | bought it in a shop on level 4 of the Dungeon)
  3803 | D:5      | Entered Level 5 of the Dungeon
  4176 | D:5      | Reached skill level 5 in Armour
  4176 | D:5      | Reached skill level 5 in Dodging
  4265 | D:5      | Found a staircase to the Ecumenical Temple.
  4713 | D:5      | Found Eraepsaonu's Overcharged Wands.
  5309 | D:6      | Reached XP level 9. HP: 69/69 MP: 9/9
  5485 | D:6      | Reached **** piety under Trog
  5523 | D:6      | HP: 3/71 [orc priest/+0 hand axe (2)]
  5524 | D:6      | Killed from afar by an orc priest

Illustrated notes

Levels and vault maps discovered:
D:1:      dpeg_arrival_yet_another_circle, layout_loops_ring
D:2:      layout_loops_ring, minmay_hexomino_u4, uniq_terence, uniq_sigmund,
          uniq_jessica
D:3:      layout_basic, kennysheep_orc_sif_temple, serial_curves,
          eino_curves_01, eino_curves_01, uniq_ijyb
D:4:      layout_basic, gammafunk_temple_overflow_statue, serial_shops, shop,
          shop_coins, nicolae_diamond_shop
D:5:      layout_layer_cave, minmay_temple_entry_antechambers,
          nicolae_shop_overcharged_wands
D:6:      layout_loops_ring, lemuel_round_altar, overflow_temple_1_default,
          nicolae_zen_rock_garden, minmay_shop_damaged,
          minmay_fractal_squares_diagonal_5

Skill      XL: |  1  2  3  4  5  6  7  8  9 |
---------------+----------------------------+-----
Armour         | 3 4 5 6 |  6.1
Dodging        | 3 4 5 6 |  6.1
Fighting       | 4 5 6 |  6.5
Axes           | 4 5 6 |  6.5

Action                     |  1- 3 |  4- 6 |  7- 9 || total
---------------------------+-------+-------+-------++-------
  Melee: Hand axe          |   109 |    79 |   261 ||   449
         Punch             |     3 |     1 |     2 ||     6
 Invoke: Berserk           |       |     2 |     4 ||     6
         Trog's Hand       |       |       |     1 ||     1
    Use: Scroll            |     5 |       |     9 ||    14
         Potion            |     1 |       |     6 ||     7
 Armour: Ring mail         |    31 |       |       ||    31
         Scale mail        |    13 |    18 |       ||    31
         Plate armour      |       |    13 |   152 ||   165
  Dodge: Dodged            |    62 |    27 |    78 ||   167
  Block: Other             |     7 |    15 |    32 ||    54
         Reflection        |       |     1 |     7 ||     8
         Kite shield       |       |       |   107 ||   107

Table legend: (Time is in decaauts)
 A = Elapsed time spent in this place.
 B = Non-inter-level travel time spent in this place.
 C = Inter-level travel time spent in this place.
 D = Time resting spent in this place.
 E = Time spent auto-exploring this place.
 F = Levels seen in this place.
 G = Mean time per level.
                   A        B        C        D        E       F      G
               +--------+--------+--------+--------+--------+-----+--------+
         Total |   5618 |   5353 |    265 |     24 |   3977 |   6 |  936.3 |
       Dungeon |   5618 |   5353 |    265 |     24 |   3977 |   6 |  936.3 |
               +--------+--------+--------+--------+--------+-----+--------+

Top non-repeatable levels by time:
     D:5: 1448 daAuts
     D:4: 1234 daAuts
     D:2: 955 daAuts
     D:3: 849 daAuts
     D:1: 816 daAuts
     D:6: 314 daAuts
